 Dungeon Crawl Stone Soup version 0.31-a0-664-g902f515a81 (webtiles) character file.

Game seed: 16777051855163546066

16 greenreed the Ruffian (level 2, -1/22 HPs)
             Began as a Djinni Shapeshifter on Sept 2, 2023.
             Slain by an adder (4 damage)
             ... on level 1 of the Dungeon.
             The game lasted 00:01:16 (951 turns).

greenreed the Ruffian (Djinni Shapeshifter)          Turns: 951, Time: 00:01:18

Health: -1/22      AC:  2    Str: 13    XL:     2   Next: 75%
Gold:   0          EV: 12    Int: 11    God:
                   SH:  0    Dex: 12

rFire   + +          .
                       - Unarmed
rCold   x . .        (no shield)
rNeg    . . .        a - +0 animal skin
rPois   ∞            (helmet currently unavailable)
rElec   .            (cloak currently unavailable)
rCorr   .            (gloves currently unavailable)
SInv    .            (boots unavailable)
Will    .....        (no amulet)
Stlth   +            (no ring)
HPRegen 0.23/turn    (no ring)
MPRegen 0.00/turn

%: infuse magic (-2 HP)
@: beast-form, flying
A: beast (slay +1), flying, sickness immunity, fire resistance 2, cold
vulnerability 1, float, innate caster, HP casting, extra vitality 1
a: Begin Untransformation


You were on level 1 of the Dungeon.
You were a hulking beast.
You visited 1 branch of the dungeon, and saw 2 of its levels.

Inventory:

Armour
 a - a +0 animal skin (worn)
Talismans
 c - a beast talisman (active)
 d - a flux talisman
Scrolls
 f - a scroll of silence {unknown}
 h - a scroll of revelation {unknown}
 i - a scroll of enchant armour {unknown}
 j - a scroll of fog {unknown}
Potions
 b - a potion of lignification
 e - a potion of cancellation {unknown}
 g - a potion of heal wounds {unknown}


   Skills:
 * Level 1.5 Fighting
 + Level 2.4 Dodging
 * Level 3.2 Unarmed Combat
 + Level 2.8 Shapeshifting You didn't know any spells. Your spell library was empty.

Dungeon Overview and Level Annotations

Branches:
Dungeon (2/15)

Altars:


Innate Abilities, Weirdness & Mutations

You are a hulking beast.
Your limbs bulge with bestial killing power. (Slay +1)
You are flying.
You are immune to sickness and miasma.
You are immune to poison.
Your flesh is very heat resistant. (rF++)
You are vulnerable to cold. (rC-)
You float through the air rather than walking.
You learn spells naturally, not from books.
Your magical power is your life essence.
You have superior vitality. (+4 MHP)


Message History

You barely miss the adder. The adder barely misses you.
You miss the adder. The adder bites you.
The adder bites you but does no damage.
You hit the adder but do no damage. The adder completely misses you.
You hit the adder but do no damage. The adder completely misses you.
The rat attacks as it pursues you! The rat bites you but does no damage.
The rat bites you.
There is a stone staircase leading up here.
You barely miss the adder. The adder barely misses you. The rat bites you.
The adder misses you.
You hit the adder.
The adder is lightly wounded.
The rat bites you. The adder misses you.
You hit the adder.
The adder is heavily wounded.
The adder misses you. The rat closely misses you.
You closely miss the adder.
The adder is heavily wounded.
The adder closely misses you. The rat bites you.
You are too injured to fight recklessly!
You are too injured to fight recklessly!
You are too injured to fight recklessly!
The adder bites you. The rat bites you.
* * * LOW HITPOINT WARNING * * *
The adder barely misses you.
You fly upwards.
There is a stone staircase leading down here.
You closely miss the adder.
The adder is heavily wounded.
The adder bites you but does no damage. The rat bites you.
* * * LOW HITPOINT WARNING * * *
You hit the adder.
The adder is almost dead.
The adder bites you.
* * * LOW HITPOINT WARNING * * *
The rat misses you.
You barely miss the adder.
The adder is almost dead.
The adder bites you.
You die...

.## ##..## #.# #.#####.## ..#
#..## #.# #.# #.# ### ####
#.# #.# #.# #.# #.#####.# #.#
#>......## #.# #.####.... #.#
#.......## #S# #.#######
#######h# #.# #.....r.# #.#
#.####### #.######## #.####
#........# #....# #.######.#
###########.############ #.#
###......)...............###
#.#
#....#.####.####.####.##...##
#.#
..###...##...##...##...###..#
#.#


You could see an adder and a rat.

Vanquished Creatures
  A bat (D:1)
  An endoplasm (D:1)
  2 goblins (D:1)
  3 hobgoblins (D:1)
  2 quokkas (D:1)
  2 ball pythons (D:1)
  2 frilled lizards (D:1)
  A kobold (D:1)
  A rat (D:1)
15 creatures vanquished.

Notes
Turn   | Place    | Note
-------+----------+-------------------------------------------
     0 | D:1      | greenreed the Djinni Shapeshifter began the quest for the
                  | Orb.
     0 | D:1      | Reached XP level 1. HP: 17/17 MP: 0/0
   260 | D:1      | Reached XP level 2. HP: 22/22 MP: 0/0
   462 | D:1      | Found a faded altar of an unknown god.
   951 | D:1      | Slain by an adder

Illustrated notes

Levels and vault maps discovered:
D:1:      dpeg_arrival_chambers_temple_mockup, layout_loops_ring,
          nicolae_ecumenical_snake_handling
D:2:      layout_loops_corners, minivault_19, uniq_jessica, uniq_terence,
          uniq_robin

Action                     || total
---------------------------++-------
  Melee: Unarmed           ||    49
         Punch             ||     2
 Armour: Animal skin       ||    30
  Dodge: Dodged            ||    36

Table legend: (Time is in decaauts)
 A = Elapsed time spent in this place.
 B = Non-inter-level travel time spent in this place.
 C = Inter-level travel time spent in this place.
 D = Time resting spent in this place.
 E = Time spent auto-exploring this place.
 F = Levels seen in this place.
 G = Mean time per level.
                   A        B        C        D        E       F      G
               +--------+--------+--------+--------+--------+-----+--------+
         Total |    948 |    926 |     22 |      0 |    806 |   2 |  474.0 |
       Dungeon |    948 |    926 |     22 |      0 |    806 |   2 |  474.0 |
               +--------+--------+--------+--------+--------+-----+--------+

Top non-repeatable levels by time:
     D:1: 935 daAuts
     D:2: 13 daAuts
